 Dungeon Crawl Stone Soup version 0.24.0-37-gcf1ca852f1 (webtiles) character file.

Game seed: 14021978258992299418, levelgen mode: deterministic

427 MJtheKandyman the Poker (level 6, -3/50 HPs)
             Began as a Merfolk Skald on Nov 22, 2019.
             Killed from afar by an orc wizard (7 damage)
             ... with a magic dart
             ... on level 4 of the Dungeon on Nov 23, 2019.
             The game lasted 00:22:46 (5078 turns).

MJtheKandyman the Poker (Merfolk Skald)             Turns: 5078, Time: 00:22:46

Health: -3/50      AC:  3    Str: 13    XL:     6   Next: 97%
Magic:  5/9        EV: 15    Int: 12    God:
Gold:   121        SH:  0    Dex: 14    Spells: 8/9 levels left

rFire    . . .     SeeInvis .   a - +0 spear
rCold    . . .     Gourm    .   (no shield)
rNeg     . . .     Faith    .   b - +0 leather armour
rPois    .         Spirit   .   (no helmet)
rElec    .         Reflect  .   (no cloak)
rCorr    .         Harm     .   (no gloves)
MR       .....                  (no boots)
Stlth    +.........             (no amulet)
HPRegen  0.16/turn              (no ring)
MPRegen  0.11/turn              (no ring)

@: slowed, very slow
A: change form in water, swift swim, stealthy swim
a: no special abilities


You were on level 4 of the Dungeon.
You were not hungry.

You visited 1 branch of the dungeon, and saw 4 of its levels.

You collected 121 gold pieces.

Inventory:

Hand Weapons
 a - a +0 spear (weapon)
 e - a +0 hunting sling
 w - a +0 dagger of speed
Missiles
 k - 145 stones (quivered)
 p - a throwing net
 t - 12 poisoned darts
 u - 31 sling bullets
Armour
 b - a +0 leather armour (worn)
 v - a +0 leather armour
Jewellery
 m - an uncursed ring of resist corrosion {unknown}
 s - an uncursed ring of positive energy
Scrolls
 c - 2 scrolls of teleportation {unknown}
 f - a scroll of amnesia
 g - 2 scrolls of remove curse
 i - 2 scrolls of noise {unknown}
 j - a scroll of fog {unknown}
 l - a scroll of identify
 y - a scroll of enchant weapon {unknown}
Potions
 h - a potion of flight
 r - a potion of resistance
 x - a potion of curing
 z - 2 potions of agility
 B - a potion of magic
Comestibles
 d - 11 rations


   Skills:
 + Level 4.8 Fighting
 + Level 6.3 Polearms
 - Level 0.7 Armour
 + Level 5.8 Dodging
 - Level 2.1 Spellcasting
 - Level 3.3 Charms


You had 8 spell levels left.
You knew the following spells:

 Your Spells              Type           Power        Failure   Level  Hunger
a - Infusion              Chrm           #...         9%          1    ##.....

Your spell library contained the following spells:

 Spells                   Type           Power        Failure   Level  Hunger
 Song of Slaying          Chrm           #.......     13%         2    ###....
 Shroud of Golubria       Chrm/Tloc      #.....       26%         2    ###....
 Regeneration             Chrm/Necr      #.........   45%         3    ####...
 Spectral Weapon          Hex/Chrm       #.......     45%         3    ####...


Dungeon Overview and Level Annotations

Branches:
Dungeon (4/15)
 Temple: D:4-7

Altars:
Dithmenos
Trog
Wu Jian
Zin


Message History

The orc wizard gestures at you while chanting.
You feel yourself slow down.
The orc wizard gestures wildly while chanting.
The orc wizard blinks!
The orc wizard gestures at you while chanting.
The magic dart hits you!
* * * LOW HITPOINT WARNING * * *
You see here a +0 dagger.
The orc barely misses you.
The orc wizard casts a spell.
The orc wizard blinks!
The orc hits you but does no damage.
Your magical infusion is running out.
The orc hits you from afar with a cursed +0 trident.
* * * LOW HITPOINT WARNING * * *
The orc barely misses you.
You are no longer magically infusing your attacks.
The orc wizard casts a spell at you. The magic dart hits you!
You die...

o... ...#### .!...
#########.>.
##.......##.#
#.8#####8.#.##.....
#.##...##o#.##.....
#.#.8.8.#.#.# .....
#.@..<..#.o.## #...
#.#.8.8.#)#.##.#...
#.##...##.#...(....
#o8#####8.#.#......
##o.....)##.####...
#########..# #...
### #... #...
######


You could see an orc wizard.

Vanquished Creatures
  A phantom (D:4)
  An ogre (D:3)
  A howler monkey (D:3)
  An orc wizard (D:4)
  An iguana (D:4)
  A worker ant (D:3)
  3 adders
  An ooze (D:1)
  A dart slug (D:2)
  4 leopard geckos
  17 orcs
  5 giant cockroaches
  8 goblins
  7 hobgoblins
  5 jackals (D:3)
  13 kobolds
  2 quokkas
  9 bats
  3 frilled lizards
  7 rats
91 creatures vanquished.

Notes
Turn   | Place    | Note
-------+----------+-------------------------------------------
     0 | D:1      | MJtheKandyman the Merfolk Skald began the quest for the
                  | Orb.
     0 | D:1      | Reached XP level 1. HP: 16/16 MP: 3/3
   388 | D:1      | Reached XP level 2. HP: 21/23 MP: 5/5
   957 | D:1      | Reached XP level 3. HP: 24/28 MP: 6/6
  1763 | D:2      | Reached skill level 4 in Polearms
  2032 | D:2      | Reached XP level 4. HP: 35/35 MP: 7/7
  2042 | D:2      | Found an ornate altar of the Wu Jian Council.
  3343 | D:3      | Reached XP level 5. HP: 28/41 MP: 8/8
  3754 | D:4      | Found a bloodstained altar of Trog.
  3785 | D:4      | Noticed an ogre
  3857 | D:4      | Noticed a phantom
  3938 | D:4      | Found a shadowy altar of Dithmenos.
  3973 | D:3      | Reached skill level 5 in Polearms
  4134 | D:4      | Found a glowing silver altar of Zin.
  4172 | D:4      | Reached skill level 5 in Dodging
  4172 | D:4      | Reached XP level 6. HP: 17/48 MP: 9/9
  4927 | D:4      | Killed a phantom
  4927 | D:4      | Reached skill level 6 in Polearms
  5078 | D:4      | Killed from afar by an orc wizard

Levels and vault maps discovered:
D:1:      lightli_arrival_farm, layout_loops_ring
D:2:      layout_rooms, marbit_many_paths, st_stairs_6, minmay_pentomino_x4
D:3:      layout_rooms
D:4:      layout_basic, old_standard_altar, bloody_trog, kennysheep_mini_moat,
          first_ration, grunt_ministairs_11

Skill      XL: |  1  2  3  4  5  6 |
---------------+-------------------+-----
Dodging        | 3 4 5 |  5.8
Fighting       | 3 4 |  4.8
Polearms       | 4 5 6 |  6.3
Armour         | |  0.7
Spellcasting   | |  2.1
Charms         | |  3.3

Action                   |  1- 3 |  4- 6 || total
-------------------------+-------+-------++-------
Melee: Spear             |   162 |   292 ||   454
Throw: Stone             |     2 |    17 ||    19
 Cast: Infusion          |       |     3 ||     3
Evoke: Wand              |       |     6 ||     6
  Use: Scroll            |     2 |     4 ||     6
       Potion            |       |     3 ||     3
 Stab: Sleeping          |     2 |     1 ||     3
       Paralysed         |       |    13 ||    13
  Eat: Chunk             |     4 |     7 ||    11
       Ration            |       |     1 ||     1
Armor: Leather armour    |    28 |    24 ||    52
Dodge: Dodged            |    73 |   170 ||   243
